 Dungeon Crawl Stone Soup version 0.14.1-26-g5a19342 (webtiles) character file.

401 Kae the Ruffian (level 5, 0/40 HPs)
             Began as a Draconian Transmuter on July 24, 2014.
             Killed from afar by an orc wizard (8 damage)
             ... with a magic dart
             ... on Level 4 of the Dungeon.
             The game lasted 00:06:09 (4108 turns).

Kae the Ruffian (Draconian Transmuter)              Turns: 4108, Time: 00:06:09

HP   0/40        AC  5     Str 13      XL: 5   Next: 68%
MP   9/9         EV 12     Int 13      God:
Gold 176         SH  0     Dex 12      Spells:  1 memorised,  7 levels left

rFire  . . .     SeeInvis .       - Unarmed
rCold  . . .     Clarity  .     (armour unavailable)
rNeg   . . .     Conserve .     (no shield)
rPois  .         rCorr    .     (helmet restricted)
rElec  .         rRot     .     (no cloak)
SustAb + .       Spirit   .     (no gloves)
rMut   .         Warding  .     (no boots)
Saprov . . .     Stasis   .     (no amulet)
MR     .....                    (no ring)
                                o - ring of sustain abilities {unknown}

@: not resistant to hostile enchantments, unstealthy
A: unfitting armour, AC +5
a: no special abilities


You were on level 4 of the Dungeon.
You were not hungry.

You visited 1 branch of the dungeon, and saw 4 of its levels.

You collected 176 gold pieces.

Inventory:

Missiles
 b - 12 arrows
 c - 11 exploding darts (quivered)
 g - a throwing net
Comestibles
 a - 3 bread rations
Scrolls
 i - a scroll of noise
 j - 2 scrolls of magic mapping
Jewellery
 o - a ring of sustain abilities (left hand) {unknown}
 q - an uncursed ring of invisibility
 s - an uncursed ring of teleportation
Potions
 f - a potion of restore abilities {unknown}
 h - a potion of curing {unknown}
 k - a potion of poison {unknown}
 l - a potion of degeneration {unknown}
 m - 2 potions of cure mutation
 n - a potion of might {unknown}
 p - 2 potions of haste {unknown}
 t - a potion of flight {unknown}
Books
 d - a book of Changes

   Spells                             Type                      Level
   *Beastly Appendage                 Transmutation                1
   Sticks to Snakes                   Transmutation                2
   Spider Form                        Transmutation/Poison         3
   Ice Form                           Ice/Transmutation            4
   Blade Hands                        Transmutation                5


   Skills:
 - Level 1.1 Fighting
 - Level 1.7 Dodging
 * Level 5.5 Unarmed Combat
 - Level 2.0 Spellcasting
 + Level 3.8 Transmutations


You had 7 spell levels left.
You knew the following spells:

 Your Spells              Type           Power        Failure   Level  Hunger
a - Beastly Appendage     Trmt           ##....       8%          1    ##.....


Dungeon Overview and Level Annotations

Branches:
Dungeon (4/15)
 Temple: D:4-7

Altars:
Okawaru
Zin


Message History

You hit something but do no damage. Something barely misses you.
You miss something. Something hits you but does no damage.
You closely miss something. Something hits you but does no damage.
You miss something. You tail-slap something. You miss something.
Something hits you but does no damage.
You barely miss something.
Your tail-slap misses something.
You hear some strange, mumbled words.
The magic dart hits you!
* * * LOW HITPOINT WARNING * * *
You hit something but do no damage.
You hear some strange, mumbled words.
Something tries to affect you, but you resist.
You miss something.
Your tail-slap misses something.
You hear some strange, mumbled words.
The magic dart hits you!
* * * LOW HITPOINT WARNING * * *
You hit something but do no damage.
You hear some strange, mumbled words.
The magic dart hits you!
You die...

############
............#
............#
............#
+............#
#.......@....#
#............#
#........$...#
#............#
#.......<....#
###......%%###
#...#......## ######
#..#.#......######.....
#.#._.#.....##....<....


There were no monsters in sight!

Vanquished Creatures
  A scorpion (D:4)
  3 gnolls (D:3)
  7 adders
  2 worms
  A giant gecko (D:2)
  2 oozes
  4 orcs
  A ball python (D:2)
  3 giant cockroaches
  2 goblins
  11 hobgoblins
  11 kobolds
  A quokka (D:3)
  7 bats
  4 giant newts
  3 rats
63 creatures vanquished.

Notes
Turn   | Place    | Note
--------------------------------------------------------------
     0 | D:1      | Kae, the Draconian Transmuter, began the quest for the Orb.
     0 | D:1      | Reached XP level 1. HP: 16/16 MP: 3/3
   286 | D:1      | Reached XP level 2. HP: 11/23 MP: 2/4
   921 | D:2      | Reached XP level 3. HP: 25/28 MP: 4/6
  1010 | D:2      | Reached skill level 4 in Unarmed Combat
  1797 | D:3      | Reached XP level 4. HP: 32/35 MP: 7/7
  2380 | D:3      | Found a glowing silver altar of Zin.
  3191 | D:3      | Reached XP level 5. HP: 18/40 MP: 7/9
  3384 | D:3      | Reached skill level 5 in Unarmed Combat
  3742 | D:4      | Found an iron altar of Okawaru.
  4108 | D:4      | Killed from afar by an orc wizard

Action                   |  1- 3 |  4- 6 || total
-------------------------+-------+-------++-------
Melee: Unarmed           |   156 |   157 ||   313
Throw: Dart              |       |     2 ||     2
 Cast: Beastly Appendage |    11 |    10 ||    21
 Abil: Evoke Teleportati |       |     1 ||     1
  Use: Potion            |     1 |     1 ||     2
       Scroll            |       |    10 ||    10
